 Dungeon Crawl Stone Soup version 0.26.0-45-g9c1d065592 (webtiles) character file.

Game seed: 3702335175158065853

32265 swilekon the Cleaver (level 13, -4/89 HPs)
             Began as an Octopode Monk on Feb 1, 2021.
             Was the Champion of Zin.
             Slain by a ten-headed hydra (5 damage)
             ... on level 12 of the Dungeon.
             The game lasted 01:07:46 (21093 turns).

swilekon the Cleaver (Octopode Monk)               Turns: 21093, Time: 01:07:47

Health: -4/89      AC: -1    Str: 21    XL:     13   Next: 63%
Magic:  0/17       EV: 27    Int: 31    God:    Zin [******]
Gold:   557        SH: 12    Dex: 14    Spells: 16/16 levels left

rFire    + + .     SeeInvis .   G - +4 hand axe (freeze)
rCold    + . .     Faith    .   h - +1 kite shield {reflect}
rNeg     + . .     Spirit   +   A - -2 hat of the Alchemist {rElec rPois rF+ rC+ rN+ Will+ rMut rCorr}
rPois    +         Reflect  +   v - amulet of guardian spirit
rElec    +         Harm     .   k - +4 ring of evasion
rCorr    +         Rampage  .   p - ring of protection from fire
rMut     +                      g - ring of stealth
Will     +....                  w - +4 ring of evasion
Stlth    +++++.....             i - +6 ring of intelligence
HPRegen  0.24/turn              f - +6 ring of intelligence
MPRegen  0.15/turn              u - +6 ring of strength
                                J - +6 ring of intelligence

@: no status effects
A: almost no armour, stealthy swim, amphibious, 8 rings, constrict 8, camouflage
1, gelatinous body 1
a: Renounce Religion, Recite, Vitalisation, Imprison, Sanctuary, Donate Gold


You were on level 12 of the Dungeon.
You worshipped Zin.
Zin was exalted by your worship.
You visited 3 branches of the dungeon, and saw 16 of its levels.

You collected 1650 gold pieces.
You spent 918 gold pieces at shops.
You donated 175 gold pieces to Zin.

Inventory:

Hand Weapons
 m - a +1 war axe of venom
 G - a +4 hand axe of freezing (weapon)
Armour
 h - a +1 kite shield of reflection (worn)
 A - the -2 hat of the Alchemist (worn) {rElec rPois rF+ rC+ rN+ Will+ rMut rCorr}
   (You bought it in a shop on level 2 of the Orcish Mines)

   It protects you from fire.
   It protects you from cold.
   It insulates you from electricity.
   It protects you from poison.
   It protects you from negative energy.
   It affects your willpower, your defense against some magical effects.
   It provides partial protection from all sources of acid and corrosion.
   It protects you from mutation.
Jewellery
 f - a +6 ring of intelligence (on tentacle)
 g - a ring of stealth (on tentacle)
 i - a +6 ring of intelligence (on tentacle)
 k - a +4 ring of evasion (left tentacle)
 p - a ring of protection from fire (right tentacle)
 u - a +6 ring of strength (on tentacle)
 v - an amulet of guardian spirit (around mantle)
 w - a +4 ring of evasion (on tentacle)
 H - an uncursed amulet of regeneration
 I - an uncursed ring of protection from fire
 J - a +6 ring of intelligence (on tentacle)
Wands
 c - a wand of acid (12)
 e - a wand of polymorph (15)
 y - a wand of disintegration (13)
 B - a wand of digging (6)
 C - a wand of paralysis (4)
 E - a wand of flame (49)
Scrolls
 b - a scroll of amnesia
 d - 4 scrolls of teleportation
 l - 11 scrolls of remove curse
 n - 4 scrolls of identify
 q - 3 scrolls of magic mapping
 r - 5 scrolls of immolation
 t - 3 scrolls of enchant weapon
 K - a scroll of summoning {unknown}
 L - a scroll of holy word {unknown}
Potions
 a - 2 potions of brilliance
 j - 4 potions of curing
 o - 2 potions of cancellation
 s - a potion of heal wounds
 x - 2 potions of attraction
 z - 3 potions of flight
 D - a potion of resistance


   Skills:
 + Level 8.6 Fighting
 * Level 11.4(12.3) Axes
 + Level 7.7(10.6) Polearms
 * Level 11.4 Dodging
 - Level 5.0 Stealth
 + Level 7.7 Shields
 + Level 7.7 Unarmed Combat
 - Level 2.1 Spellcasting
 + Level 5.8 Invocations


You had 16 spell levels left.
You didn't know any spells.
Your spell library contained the following spells:

 Spells                   Type           Power        Failure   Level
 Foxfire                  Conj/Fire      12%          19%         1
 Magic Dart               Conj           12%          19%         1
 Blink                    Tloc           N/A          28%         2
 Call Imp                 Summ           3%           28%         2
 Slow                     Hex            3%           28%         2
 Conjure Flame            Conj/Fire      3%           50%         3
 Mephitic Cloud           Conj/Pois/Air  3%           50%         3


Dungeon Overview and Level Annotations

Branches:
Dungeon (12/15)            Temple (0/1) D:6            Lair (2/6) D:8
    Orc (2/2) D:11            Elf (0/3) Orc:2
  Swamp: Lair:2-4    Shoals: Lair:2-4     Snake: Lair:2-4    Spider: Lair:2-4

Altars:
Cheibriados
Dithmenos
Elyvilon
Fedhas
Kikubaaqudgha
Nemelex Xobeh
Okawaru
Sif Muna
Trog
Vehumet
Wu Jian
Xom
Zin
The Shining One

Shops:
D:4 [   D:7 ?   D:12 (   Orc:2 *[[?

Portals:
Abyss: D:11
Trove: D:11 (give 7 scrolls of fear)

Annotations:
D:7 1 runed translucent door
D:11 2 transporters, thiole's ghost, journeyman OpVM
Lair:1 exclusion: oklob plant
Orc:2 3 runed translucent doors, Hehehe's ghost, novice DDFi; snackwell's ghost, journeyman SpBe


Innate Abilities, Weirdness & Mutations

You cannot wear most types of armour.
You are very stealthy in the water. (Stealth+)
You are amphibious.
You can wear up to eight rings at the same time.
You can use your tentacles to constrict eight enemies at once.
Your skin changes colour to match your surroundings (Stealth+).
Your rubbery body absorbs attacks. (AC +1, EV +1)


Message History

The ten-headed hydra barely misses you. The ten-headed hydra bites you!
The ten-headed hydra barely misses you.
You block the ten-headed hydra's attack.
The ten-headed hydra bites you!
* * * LOW HITPOINT WARNING * * *
The ten-headed hydra barely misses you. The ten-headed hydra bites you!
* * * LOW HITPOINT WARNING * * *
As you read the scroll of fog, it crumbles to dust.
The scroll dissolves into smoke.
The ten-headed hydra closely misses you.
You block the ten-headed hydra's attack. x2
The ten-headed hydra closely misses you.
You block the ten-headed hydra's attack.
The ten-headed hydra barely misses you. The ten-headed hydra bites you!
* * * LOW HITPOINT WARNING * * *
The ten-headed hydra completely misses you.
The ten-headed hydra bites you. Zin protects you from harm!
The ten-headed hydra bites you.
You die...

#..###........##.....
##............#...#..
#...##..........##..
##.....#............
#....###.#.........
##.#####............
#(§.##..(...........
#(§§Y#.(.........∩..
##§@DY(((...........
###§§§...............
##...§§§....(.........
#..(..................
##..........(.........
###.....((.^)........
####.......####.......
#.##.....((.##........
##..#...#..............


You could see a ten-headed hydra and 2 yaks.

Vanquished Creatures
  A boulder beetle (D:11)
  5 two-headed ogres
  An ogre mage (Orc:2)
  5 orc high priests
  Nergalle (D:10)
  An unseen horror (D:12)
  5 orc knights
  A cyclops (D:11)
  3 ugly things
  Maurice (D:11)
  2 cane toads
  A rime drake (Lair:1)
  A polar bear (Lair:1)
  5 trolls
  A hornet (D:10)
  3 blink frogs (Lair:2)
  A shadow (D:12)
  4 wyverns
  29 yaks
  A basilisk (D:8)
  Edmund (D:5)
  2 wargs
  8 water moccasins
  Duvessa (D:5)
  36 orc warriors
  2 sky beasts
  2 black bears
  3 ice beasts
  2 phantoms
  17 ogres
  8 centaurs
  3 big kobolds
  9 bullfrogs
  Dowan (D:5)
  6 killer bees
  An electric eel (Lair:1)
  2 howler monkeys (D:6)
  7 wights (D:9)
  3 bullfrog zombies
  2 hounds
  A jelly (D:11)
  17 orc wizards
  A quasit (D:9)
  4 bullfrog skeletons
  25 orc priests
  Jessica (D:3)
  2 centaur skeletons
  Ijyb (D:5)
  5 iguanas
  14 worker ants
  18 adders
  6 gnolls
  2 howler monkey zombies
  3 shadow imps
  3 white imps
  2 ufetubi
  An ooze (D:1)
  An adder skeleton (D:5)
  2 worms
  A dart slug (D:1)
  2 leopard geckos
  86 orcs
  10 bats
  7 giant cockroaches
  11 goblins
  9 hobgoblins
  6 jackals
  3 quokkas
  2 ball pythons
  2 ball python skeletons
  2 frilled lizards
  A jackal skeleton (D:5)
  25 kobolds
  A quokka zombie (D:5)
  5 rats
470 creatures vanquished.

Vanquished Creatures (others)
  2 fungi (D:8)
  13 plants
  5 withered plants (Orc:2)
20 creatures vanquished.

Grand Total: 490 creatures vanquished

Notes
Turn   | Place    | Note
-------+----------+-------------------------------------------
     0 | D:1      | swilekon the Octopode Monk began the quest for the Orb.
     0 | D:1      | Reached XP level 1. HP: 16/16 MP: 1/1
   395 | D:1      | Reached XP level 2. HP: 21/21 MP: 2/2
   594 | D:1      | Reached XP level 3. HP: 26/26 MP: 3/3
  1317 | D:2      | Reached skill level 1 in Polearms
  1444 | D:2      | Reached XP level 4. HP: 30/31 MP: 4/4
  2140 | D:3      | Noticed Jessica
  2144 | D:3      | Killed Jessica
  2145 | D:3      | Reached skill level 1 in Unarmed Combat
  2145 | D:3      | Reached XP level 5. HP: 36/36 MP: 4/6
  2282 | D:3      | Reached skill level 1 in Spellcasting
  2944 | D:4      | Noticed an ogre
  2998 | D:4      | Found a white marble altar of Elyvilon.
  2998 | D:4      | Noticed a phantom
  3050 | D:4      | Found an ornate altar of the Wu Jian Council.
  3114 | D:4      | Noticed an ogre
  3123 | D:4      | Killed an ogre
  3124 | D:4      | Reached skill level 1 in Shields
  3124 | D:4      | Reached XP level 6. HP: 17/42 MP: 7/7
  3298 | D:4      | Noticed an orc warrior
  3471 | D:4      | Killed a phantom
  3620 | D:4      | Reached skill level 5 in Stealth
  3650 | D:4      | Reached XP level 7. HP: 36/47 MP: 9/9
  3793 | D:4      | Found Cawyez's Antique Armour Boutique.
  3796 | D:4      | Bought a tower shield for 94 gold pieces
  4234 | D:4      | You fall into a shaft and drop 3 floors!
  4234 | D:7      | Found Cashedoh's Magic Scroll Emporium.
  4244 | D:7      | Bought a scroll of enchant weapon for 75 gold pieces
  4264 | D:7      | Noticed a yak
  4264 | D:7      | Noticed a yak
  4327 | D:7      | HP: 1/48 [ogre/+0 giant spiked club (19)]
  4658 | D:7      | Reached skill level 5 in Dodging
  4658 | D:7      | Reached XP level 8. HP: 47/54 MP: 4/11
  4734 | D:6      | Found a shimmering altar of Xom.
  4734 | D:6      | Found a glowing silver altar of Zin.
  4734 | D:6      | Found a shadowy altar of Dithmenos.
  4734 | D:6      | Found an ancient bone altar of Kikubaaqudgha.
  4734 | D:6      | Found a snail-covered altar of Cheibriados.
  4736 | D:6      | Found a glowing golden altar of the Shining One.
  4784 | D:6      | Became a worshipper of Zin the Law-Giver
  4784 | D:6      | Reached * piety under Zin
  4784 | D:6      | Reached ** piety under Zin
  4786 | D:6      | Donated 27 gold pieces to Zin
  4860 | D:6      | Reached skill level 5 in Axes
  4861 | D:6      | Found an iron altar of Okawaru.
  5106 | D:5      | Entered Level 5 of the Dungeon
  5106 | D:5      | Noticed Edmund
  5379 | D:4      | Found a bloodstained altar of Trog.
  5393 | D:4      | Found a shimmering blue altar of Sif Muna.
  5396 | D:4      | Identified Sif Muna's Guide on Attacks
  5579 | D:5      | Noticed Ijyb
  5591 | D:5      | Killed Ijyb
  5802 | D:5      | Reached *** piety under Zin
  5851 | D:5      | Noticed Duvessa
  5851 | D:5      | Noticed Dowan
  5877 | D:5      | Killed Dowan
  5886 | D:5      | Killed Duvessa
  6259 | D:5      | Reached XP level 9. HP: 57/60 MP: 12/12
  6491 | D:5      | Killed Edmund
  6492 | D:5      | Reached skill level 5 in Fighting
  6751 | D:6      | Found a radiant altar of Vehumet.
  6812 | D:6      | Found a shadowy altar of Dithmenos.
  6881 | D:6      | Found a staircase to the Ecumenical Temple.
  7308 | D:7      | Reached XP level 10. HP: 67/67 MP: 13/13
  7675 | D:7      | Found a runed translucent door.
  7675 | D:7      | Noticed an angel
  7676 | D:7      | Found a white marble altar of Elyvilon.
  7780 | D:8      | Reached **** piety under Zin
  8737 | D:8      | Found a staircase to the Lair.
  9261 | D:8      | Reached skill level 5 in Polearms
  9280 | D:8      | Found a sparkling altar of Nemelex Xobeh.
  9280 | D:8      | Found a blossoming altar of Fedhas.
  9803 | D:9      | Reached skill level 5 in Unarmed Combat
  9826 | D:9      | Noticed a green ugly thing
 10049 | D:10     | Entered Level 10 of the Dungeon
 10065 | D:10     | Reached skill level 5 in Shields
 10080 | D:10     | Noticed a two-headed ogre
 10387 | D:10     | Noticed Nergalle
 11066 | D:9      | Reached XP level 11. HP: 40/74 MP: 6/14
 11530 | D:9      | Killed a green ugly thing
 11734 | D:10     | Killed a two-headed ogre
 11735 | D:10     | Reached skill level 1 in Invocations
 11903 | D:10     | Killed Nergalle
 12627 | D:11     | Noticed a boulder beetle
 12695 | D:11     | Killed a boulder beetle
 12964 | D:11     | Found a portal to a secret trove of treasure.
 13188 | D:11     | Noticed a white ugly thing
 13198 | D:11     | Killed a white ugly thing
 13537 | D:11     | Found a one-way gate to the infinite horrors of the Abyss.
 13537 | D:11     | Noticed a glowing orange brain
 13537 | D:11     | Noticed thiole's ghost (journeyman OpVM)
 13607 | D:11     | Found a transporter.
 13617 | D:11     | Found a transporter.
 13617 | D:11     | Noticed a brown ugly thing
 13673 | D:11     | Killed a brown ugly thing
 13673 | D:11     | Reached ***** piety under Zin
 13742 | D:11     | Noticed a thrashing horror
 13787 | D:11     | Noticed a cyclops
 13798 | D:11     | Killed a cyclops
 13818 | D:11     | Reached XP level 12. HP: 81/81 MP: 15/15
 14242 | D:11     | Found a staircase to the Orcish Mines.
 14502 | D:11     | Noticed a frost giant
 14808 | D:12     | Reached skill level 10 in Axes
 14808 | D:12     | Reached skill level 10 in Dodging
 14813 | D:12     | Noticed Maurice
 14948 | D:11     | Killed Maurice
 15137 | D:12     | Found Faown's Weapon Shoppe.
 15534 | D:12     | Noticed a four-headed hydra
 15740 | Orc:1    | Entered Level 1 of the Orcish Mines
 16436 | Orc:2    | Entered Level 2 of the Orcish Mines
 16617 | Orc:2    | Found a staircase to the Elven Halls.
 16707 | Orc:2    | Reached ****** piety under Zin
 16710 | Orc:2    | Noticed a two-headed ogre
 16710 | Orc:2    | Noticed a two-headed ogre
 16710 | Orc:2    | Noticed a two-headed ogre
 16713 | Orc:2    | Noticed a two-headed ogre
 16750 | Orc:1    | Killed a two-headed ogre
 16781 | Orc:1    | Killed a two-headed ogre
 17003 | Orc:2    | Noticed an ogre mage
 17039 | Orc:1    | Killed a two-headed ogre
 17040 | Orc:1    | Killed a two-headed ogre
 17190 | Orc:2    | Killed an ogre mage
 17493 | Orc:2    | Found a runed translucent gate.
 17755 | Orc:2    | Found a runed translucent gate.
 17951 | Orc:2    | Found a runed translucent gate.
 17952 | Orc:2    | Noticed Hehehe's ghost (novice DDFi)
 17953 | Orc:2    | Noticed snackwell's ghost (journeyman SpBe)
 18101 | Orc:2    | Reached XP level 13. HP: 39/88 MP: 11/16
 18626 | Orc:2    | Reached skill level 5 in Invocations
 19391 | Orc:2    | Found Weqar's Armour Shoppe.
 19391 | Orc:2    | Found Bulepompe's General Store.
 19392 | Orc:2    | Found Miehug's Magic Scroll Shoppe.
 19392 | Orc:2    | Found Adiluam's Antique Armour Emporium.
 19403 | Orc:2    | Bought a potion of heal wounds for 85 gold pieces
 19403 | Orc:2    | Bought a scroll of teleportation for 51 gold pieces
 19407 | Orc:2    | Bought the -2 hat of the Alchemist {rElec rPois rF+ rC+ rN+
                  | Will+ rMut rCorr} for 613 gold pieces
 19407 | Orc:2    | Found the -2 hat of the Alchemist {rElec rPois rF+ rC+ rN+
                  | Will+ rMut rCorr}
 19822 | Lair:1   | Entered Level 1 of the Lair of Beasts
 21093 | D:12     | HP: 1/89 [ten-headed hydra (12)]
 21093 | D:12     | Zin protects you from harm!
 21093 | D:12     | Slain by a ten-headed hydra

Illustrated notes

Levels and vault maps discovered:
D:1:      dpeg_arrival_rhombi, layout_basic, chequers_serial_rivers_room_a
D:2:      layout_loops_ring
D:3:      layout_basic, uniq_jessica
D:4:      layout_layer_cave, nzn_overflow_gifts_of_might_and_magic,
          kennysheep_little_box, old_standard_altar, serial_shops,
          nicolae_shop_trees, palyth_stone_intersect
D:5:      layout_cave_pools, uniq_duvessa, uniq_ijyb, uniq_edmund
D:6:      layout_loops_cross, minmay_overflow_temple_hex, lemuel_doored_altar,
          minmay_temple_entry_enclosed_plants, basic_altar,
          minmay_misc_feat_room, kennysheep_okawaru_gauntlet
D:7:      layout_basic, serial_shops, nicolae_shop_crystal, lemuel_angel_altar
D:8:      layout_basic, chequers_temple_overflow_statue_of_worship,
          minmay_lair_entry_grove, minmay_liquid_box
D:9:      layout_basic, lemuel_another_geyser
D:10:     layout_rooms, uniq_nergalle
D:11:     layout_loops_corners, hiddenorc1_lemuel,
          gammafunk_ghost_abyssal_escape, nicolae_trove_entry_columns
D:12:     layout_cave_pools, serial_shops, shop, uniq_maurice
Lair:1:   layout_cellular_growth, serial_bayou_lagoon_b,
          minmay_lair_oklob_chamber
Lair:2:   layout_regular_city, nicolae_spider_entry_non_spiders,
          grunt_forest_small_clearing_treed, grunt_megastairs_5
Orc:1:    layout_diamond_mine, uniq_harold
Orc:2:    st_orc_pillars, layout_diamond_mine, gammafunk_ghost_cemetery

Skill      XL: |  1  2  3  4  5  6  7  8  9 10 11 12 13 |
---------------+----------------------------------------+-----
Stealth        | 3 4 5 |  5.0
Polearms       | 1 2 3 4 5 6 7 |  7.7
Unarmed Combat | 1 2 3 4 5 6 7 |  7.7
Spellcasting   | 1 2 |  2.1
Shields        | 1 2 3 4 5 6 7 |  7.7
Axes           | 4 6 7 8 9 10 11 | 11.4
Dodging        | 4 5 6 7 8 9 10 11 | 11.4
Fighting       | 4 5 6 7 8 |  8.6
Invocations    | 2 4 5 |  5.8

Action                   |  1- 3 |  4- 6 |  7- 9 | 10-12 | 13-15 || total
-------------------------+-------+-------+-------+-------+-------++-------
Melee: Hand axe          |    75 |    13 |       |     6 |     8 ||   102
       Constrict         |    17 |    15 |    53 |   112 |    47 ||   244
       Tentacles         |    13 |    15 |    71 |   167 |    67 ||   333
       War axe           |       |    71 |   253 |   713 |   217 ||  1254
       Punch             |       |       |     7 |    41 |    17 ||    65
Invok: Donate Gold       |       |       |     1 |       |       ||     1
       Vitalisation      |       |       |       |     1 |       ||     1
  Use: Scroll            |       |     4 |    11 |    17 |     1 ||    33
       Potion            |       |       |     8 |     5 |     2 ||    15
 Stab: Sleeping          |    11 |    14 |    12 |    14 |     5 ||    56
       Distracted        |       |     2 |     1 |       |     1 ||     4
Armor: Skin              |     5 |    10 |     4 |     8 |       ||    27
Dodge: Dodged            |    53 |    65 |   107 |   431 |   140 ||   796
Block: Kite shield       |       |     1 |       |   220 |    98 ||   319
       Tower shield      |       |       |   194 |   353 |       ||   547
       Reflection        |       |       |       |    31 |     7 ||    38
